 Dungeon Crawl Stone Soup version 0.25-a0-517-gf8b3a32422 (console) character file.

Game seed: 11684155184660656446, levelgen mode: deterministic

25 surprisetrex the Firebug (level 3, -1/26 HPs)
             Began as a Hill Orc Fire Elementalist on Feb 17, 2020.
             Succumbed to a gnoll's poison
             ... on level 1 of the Dungeon.
             The game lasted 00:03:48 (594 turns).

surprisetrex the Firebug (HOFE)                      Turns: 594, Time: 00:03:48

Health: -1/26      AC:  2    Str:  7 (10) XL:     3   Next: 4%
Magic:  1/5        EV: 12    Int: 14 (16) God:
Gold:   26         SH:  0    Dex:  9 (11) Spells: 4/5 levels left

rFire    . . .     SeeInvis .   a - +2 short sword (holy)
rCold    . . .     Gourm    .   (no shield)
rNeg     . . .     Faith    .   i - +0 robe
rPois    .         Spirit   .   (no helmet)
rElec    .         Reflect  .   (no cloak)
rCorr    .         Harm     .   (no gloves)
MR       .....                  (no boots)
Stlth    ++........             (no amulet)
HPRegen  0.08/turn              (no ring)
MPRegen  0.09/turn              (no ring)

@: lethally poisoned (-1 -> -21)
A: no striking features
a: no special abilities


You were on level 1 of the Dungeon.
You were not hungry.

You visited 1 branch of the dungeon, and saw 1 of its levels.

You collected 26 gold pieces.

Inventory:

Hand Weapons
 a - a +2 short sword of holy wrath (weapon)
Missiles
 d - 3 poisoned darts (quivered)
 g - 20 stones
Armour
 i - a +0 robe (worn)
Scrolls
 e - a scroll of remove curse {unknown}
Comestibles
 b - 3 chunks of flesh
 c - 2 rations


   Skills:
 - Level 1.5 Dodging
 - Level 1.5 Stealth
 - Level 1.5 Spellcasting
 - Level 1.0 Conjurations
 + Level 4.5 Fire Magic


You had 4 spell levels left.
You knew the following spells:

 Your Spells              Type           Power        Failure   Level  Hunger
a - Foxfire               Conj/Fire      #...         8%          1    ##.....

Your spell library contained the following spells:

 Spells                   Type           Power        Failure   Level  Hunger
 Conjure Flame            Conj/Fire      #.......     24%         3    ####...
 Inner Flame              Hex/Fire       #.......     28%         3    ####...
 Sticky Flame             Conj/Fire      #.......     61%         4    #####..
 Fireball                 Conj/Fire      #.........   91%         5    ######.


Dungeon Overview and Level Annotations

Branches:
Dungeon (1/15)

Altars:


Message History

There was something very wrong with that liquid.
You feel weakened.
You feel dopey.
You feel clumsy.
* * * LOW HITPOINT WARNING * * *
You feel sick.
The foxfire hits the gnoll.
The gnoll is severely wounded.
The foxfire hits the gnoll.
The gnoll is almost dead.
The gnoll hits you with a +0 whip of venom.
* * * LOW HITPOINT WARNING * * *
You are more poisoned.
* * * LOW HITPOINT WARNING * * *
You feel sick.
You hit the gnoll.
You kill the gnoll!
You have reached level 3!
Your experience leads to an increase in your attributes!
Your base attributes are Str 10, Int 15, Dex 11.
Increase (S)trength, (I)ntelligence, or (D)exterity?
You feel clever.
You die...

#.# ♣... #.#
######## #..♣
######'####......#
#..♣♣
#................+
##. #
#.......###....(.#
.≈
##.......#........#
##
#........#......(.#
#........#.....(..#
#........#..@)....#
#........#........#
#.....####...######
#....#####.......#
#.....##.........#
#......#.###.....#
#........# #.....#
#...P♣...# #.....#
#......### #.....#


There were no monsters in sight!

Vanquished Creatures
  A gnoll (D:1)
  2 ball pythons (D:1)
  2 bats (D:1)
  A giant cockroach (D:1)
  A goblin (D:1)
  2 hobgoblins (D:1)
  A frilled lizard (D:1)
  A kobold (D:1)
  3 rats (D:1)
14 creatures vanquished.

Vanquished Creatures (others)
  31 foxfires (D:1)
31 creatures vanquished.

Grand Total: 45 creatures vanquished

Notes
Turn   | Place    | Note
-------+----------+-------------------------------------------
     0 | D:1      | surprisetrex the Hill Orc Fire Elementalist began the quest
                  | for the Orb.
     0 | D:1      | Reached XP level 1. HP: 14/14 MP: 3/3
   178 | D:1      | Reached XP level 2. HP: 20/20 MP: 2/4
   293 | D:1      | Reached skill level 4 in Fire Magic
   593 | D:1      | HP: 1/20 [poisoned by a gnoll]
   594 | D:1      | Reached XP level 3. HP: 1/26 MP: 1/5
   594 | D:1      | Succumbed to a gnoll's poison

Levels and vault maps discovered:
D:1:      tarquinn_simple_flora_water_b, layout_basic, serial_park_tiny_1

Skill      XL: |  1  2 |
---------------+-------+-----
Fire Magic     | 4 |  4.5
Dodging        | |  1.5
Stealth        | |  1.5
Spellcasting   | |  1.5
Conjurations   | |  1.0

Action                   || total
-------------------------++-------
Melee: Unarmed           ||     5
       Short sword       ||     4
       Whip              ||     1
Throw: Dart              ||     5
 Cast: Foxfire           ||    17
  Use: Potion            ||     1
 Stab: Sleeping          ||     1
Armor: Robe              ||     3
Dodge: Dodged            ||    10

Table legend:
 A = Non-vault XP
 B = Vault XP
 C = Vault XP percentage of total XP
 D = Non-vault monster count
 E = Vault monster count
 F = Vault count percentage of total count
                 A         B        C        D         E       F
            +---------+---------+-------+---------+---------+-------
      Total |      36 |       0 |   0.0 |      14 |       0 |   0.0
            +---------+---------+-------+---------+---------+-------
        D:1 |      36 |       0 |   0.0 |      14 |       0 |   0.0
            +---------+---------+-------+---------+---------+-------
